AoeStats
← denny "denny hasder" hasder

Lombardia

508336231Analyzed
3v3 RM · 10d ago on Sep 22, 2026· 46m 19s· 6 players
Game mode
Random Map
Map size
Normal (6 player)
Population
200
Speed
Normal
Resources
Standard
Victory
Conquest
Starting age
Dark Age
Ending age
Imperial Age
RankedLock teamsTeams togetherTeam positionsShared explorationLock speedFull tech treeHidden civsTurbo modeCheats
Victory
Defeat
🇺🇸 Hindustanis · United States
1234
+13
🇺🇸 Vikings · United States
1174
+16
🇺🇸 Franks · United States
1024
+22
🇨🇱 Teutons · Chile
1204
-19
🇨🇱 Italians · Chile
1163
-17
🇨🇱 Persians · Chile
1125
-15
Math Masterson
8:49 Feudal Age
8:50 Loom
9:21 Double-Bit Axe
10:46 Horse Collar
19:44 Castle Age
18:19 Gold Mining
19:02 Bloodlines
20:49 Bow Saw
21:15 Heavy Plow
22:44 Wheelbarrow
24:27 Stone Mining
28:54 Hand Cart
29:41 Gold Shaft Mining
29:12 Town Watch
29:38 Grand Trunk Road
32:11 Imperial Age
30:41 Scale Barding Armor
31:06 Forging
32:15 Chain Barding Armor
32:29 Husbandry
32:24 Heavy Camel Rider
34:10 Plate Barding Armor
34:35 Iron Casting
33:56 Fletching
35:26 Two-Man Saw
35:17 Ballistics
36:44 Chemistry
37:07 Blast Furnace
36:24 Town Patrol
37:10 Imperial Camel Rider
38:19 Conscription
38:26 Siege Engineers
39:14 Scale Mail Armor
39:36 Bodkin Arrow
40:03 Elite Ghulam
41:16 Chain Mail Armor
denny "denny hasder" hasder
8:48 Loom
11:45 Feudal Age
13:59 Horse Collar
18:07 Double-Bit Axe
21:00 Castle Age
19:22 Forging
19:13 Scale Mail Armor
20:09 Stone Mining
20:55 Fletching
21:48 Heavy Plow
22:01 Bow Saw
25:15 Crossbowman
27:00 Padded Archer Armor
27:18 Gold Mining
28:50 Gold Shaft Mining
28:40 Bodkin Arrow
29:58 Leather Archer Armor
31:22 Chieftains
32:16 Chain Mail Armor
35:44 Iron Casting
34:43 Pikeman
35:24 Squires
39:16 Imperial Age
39:19 Elite Berserk
40:08 Bogsveigar
40:28 Conscription
39:34 Capped Ram
41:21 Blast Furnace
40:51 Plate Mail Armor
41:53 Two-Man Saw
41:07 Bracer
41:38 Ring Archer Armor
40:39 Siege Ram
43:49 Arbalester
43:55 Arbalester
Chuck Grape
7:02 Loom
9:25 Feudal Age
10:28 Double-Bit Axe
19:20 Castle Age
18:53 Forging
19:27 Scale Barding Armor
22:19 Chain Barding Armor
23:06 Wheelbarrow
25:59 Iron Casting
27:03 Hand Cart
27:53 Pikeman
28:34 Squires
28:37 Scale Mail Armor
28:48 Gold Mining
30:49 Gold Shaft Mining
30:05 Stone Mining
30:54 Chain Mail Armor
36:43 Imperial Age
36:26 Light Cavalry
37:07 Husbandry
36:45 Cavalier
38:02 Plate Barding Armor
38:27 Blast Furnace
38:07 Conscription
45:02 Paladin
[Yodas] Ivaylo AOE CL
7:21 Loom
10:25 Feudal Age
10:54 Double-Bit Axe
13:02 Horse Collar
19:34 Wheelbarrow
22:34 Castle Age
21:24 Gold Mining
22:41 Scale Barding Armor
22:49 Bloodlines
23:37 Pikeman
25:02 Forging
25:35 Town Watch
26:14 Bow Saw
26:51 Fletching
27:47 Chain Barding Armor
28:40 Caravan
34:29 Iron Casting
35:47 Hand Cart
35:41 Town Patrol
37:36 Bodkin Arrow
40:56 Imperial Age
38:58 Scale Mail Armor
39:59 Squires
39:44 Arson
41:42 Chain Mail Armor
42:20 Plate Barding Armor
41:30 Cavalier
42:34 Block Printing
43:38 Blast Furnace
CL.Capitán Haddock
5:16 Loom
10:53 Feudal Age
12:08 Double-Bit Axe
24:02 Castle Age
22:20 Stone Mining
24:56 Bow Saw
25:14 Horse Collar
34:44 Imperial Age
33:24 Ballistics
32:56 Fletching
33:36 Bodkin Arrow
34:48 Padded Archer Armor
35:51 Leather Archer Armor
38:08 Chemistry
CL.KANKIROCK
9:05 Loom
11:30 Feudal Age
18:12 Castle Age
19:09 Forging
19:13 Bloodlines
23:28 Double-Bit Axe
24:59 Husbandry
26:43 Wheelbarrow
31:45 Imperial Age
29:54 Hand Cart
29:25 Horse Collar
30:38 Scale Barding Armor
31:10 Iron Casting
32:02 Chain Barding Armor
32:33 Conscription
32:20 Cavalier
34:08 Heavy Camel Rider
37:34 Plate Barding Armor
38:37 Heavy Plow
46:03 Blast Furnace
46:01 Fletching
Connection lost

Rejoining the realm…

Still unreachable

The connection could not be restored.

Session expired

The server has moved on; the page needs a fresh start.